 Dungeon Crawl Stone Soup version 0.26-a0-519-gb2f46efeda (webtiles) character file.

Game seed: 15507690298838823632

618 ReteAZ the Skirmisher (level 7, -2/55 HPs)
             Began as a Demonspawn Chaos Knight on Aug 11, 2020.
             Was a Plaything of Xom.
             Slain by a centaur (8 damage)
             ... summoned by Xom
             ... on level 5 of the Dungeon.
             The game lasted 00:05:14 (4956 turns).

ReteAZ the Skirmisher (Demonspawn Chaos Knight)     Turns: 4956, Time: 00:05:14

Health: -2/55      AC:  6    Str: 14    XL:     7   Next: 21%
Magic:  7/7        EV: 13    Int: 13    God:    Xom [......]
Gold:   213        SH:  0    Dex: 15    Spells: 6/6 levels left

rFire    . . .     SeeInvis .   s - +3 whip of Hell's Wrath {flame, rPois Stlth+}
rCold    + . .     Faith    .   (no shield)
rNeg     . . .     Spirit   .   b - +2 leather armour
rPois    +         Reflect  .   (helmet restricted)
rElec    .         Harm     .   q - +0 cloak
rCorr    .                      (no gloves)
MR       .....                  (no boots)
Stlth    ++........             (no amulet)
HPRegen  0.18/turn              (no ring)
MPRegen  0.10/turn              (no ring)

@: mighty
A: antennae 2, hooves 1, agile 1, cold resistance 1, rot immunity, MP-powered
wands
a: Renounce Religion


You were on level 5 of the Dungeon.
You worshipped Xom.
You were a very special plaything of Xom.
You visited 1 branch of the dungeon, and saw 5 of its levels.

You collected 213 gold pieces.

Inventory:

Hand Weapons
 a - a +0 falchion of chaos
 s - the +3 whip of Hell's Wrath (weapon) {flame, rPois Stlth+}
   (You found it on level 4 of the Dungeon)

   It has been specially enchanted to burn those struck by it, causing extra
   injury to most foes and up to half again as much damage against particularly
   susceptible opponents.
   It protects you from poison.
   It makes you more stealthy.
Missiles
 m - 22 poisoned darts
 o - 5 boomerangs
 u - 3 throwing nets (quivered)
Armour
 b - a +2 leather armour (worn)
 q - a +0 cloak (worn)
Scrolls
 d - a scroll of teleportation {unknown}
 e - a scroll of identify {unknown}
 g - 2 scrolls of blinking {unknown}
 i - 5 scrolls of remove curse {unknown}
 j - 2 scrolls of random uselessness {unknown}
 k - a scroll of immolation {unknown}
 l - 3 scrolls of enchant weapon {unknown}
 n - 2 scrolls of magic mapping {unknown}
Potions
 c - 4 potions of might
 f - 2 potions of heal wounds {unknown}
 h - 4 potions of curing {unknown}
 p - a potion of cancellation {unknown}
 r - a potion of degeneration {unknown}
 t - 2 potions of brilliance {unknown}


   Skills:
 + Level 4.9 Fighting
 - Level 4.3 Long Blades
 + Level 3.9 Armour
 + Level 3.5 Dodging


You had 6 spell levels left.
You didn't know any spells.
Your spell library contained the following spells:

 Spells                   Type           Power        Failure   Level
 Confusing Touch          Hex            #.......     75%         3
 Gell's Gravitas          Tloc           #.........   75%         3
 Petrify                  Tmut/Erth      #.......     98%         4
 Metabolic Englaciation   Hex/Ice        #.........   100%        5
 Yara's Violent Unravell  Hex/Tmut       #.........   100%        5


Dungeon Overview and Level Annotations

Branches:
Dungeon (5/15)
 Temple: D:4-7

Altars:
Ashenzari
Kikubaaqudgha
Okawaru
Sif Muna
Trog
Uskayaw
Wu Jian
The Shining One


Innate Abilities, Weirdness & Mutations

You have a pair of antennae on your head.
Your flesh is cold resistant. (rC+)
You are immune to rotting.
You have large cloven feet.
You are agile. (Dex +2)
You expend magic power (3 MP) to strengthen your wands.


Message History

The centaur hits you but does no damage.
You barely miss the worker ant. Your kick misses the worker ant.
The worker ant is almost dead.
The worker ant barely misses you. The centaur misses you.
You hit the worker ant but do no damage.
You kick the worker ant, but do no damage.
The worker ant is almost dead.
The centaur barely misses you.
The worker ant bites you but does no damage.
The centaur barely misses you. The worker ant closely misses you.
You hit the worker ant. You burn the worker ant.
You kill the worker ant!
The worker ant's corpse disappears in a puff of smoke!
The centaur hits you.
* * * LOW HITPOINT WARNING * * *
It was a potion of might.
You feel very mighty all of a sudden. The centaur hits you!
You die... "It was about time."

#..##†# #.# # ##..##.##.
#..## #......# .# ..#
#.#)).## .. #.# ###.###
.## #.# # ##..)## ..# #.#
#.#####.....## #.#
######.#
#....#......c####.#
#...>#..
#........@§..#.####...)...
###.._....##.............†
##.....######.##........
##...## #<##........ ##.##
#.##........ #.#
#.#..####... ..# ......
#... ..## #.###. #... ##.
#.# . ##


You could see a centaur (summoned).

Vanquished Creatures
  A sky beast (D:5)
  A phantom (D:5)
  3 hounds
  An orc wizard (D:3)
  An iguana (D:5)
  3 worker ants
  Robin (D:2)
  A howler monkey zombie (D:5)
  3 gnolls (D:5)
  5 adders
  An ufetubus (D:5)
  2 oozes
  3 worms
  4 leopard geckos
  7 orcs
  7 bats
  4 giant cockroaches
  18 goblins
  10 hobgoblins
  6 jackals
  10 kobolds
  2 quokkas
  2 ball pythons
  5 frilled lizards
  4 rats
105 creatures vanquished.

Notes
Turn   | Place    | Note
-------+----------+-------------------------------------------
     0 | D:1      | ReteAZ the Demonspawn Chaos Knight began the quest for the
                  | Orb.
     0 | D:1      | Reached XP level 1. HP: 18/18 MP: 1/1
    45 | D:1      | Reached skill level 1 in Dodging
   100 | D:1      | XOM: potion effect (might)
   184 | D:1      | XOM: give mutations
   184 | D:1      | Gained mutation: You are agile. (Dex +2) [Xom's grace]
   184 | D:1      | Gained mutation: You have a pair of small antennae on your
                  | head. [Xom's grace]
   184 | D:1      | Gained mutation: Your muscles are strong. (Str +2) [Xom's
                  | grace]
   231 | D:1      | Gained mutation: Your flesh is cold resistant. (rC+)
                  | [demonic ancestry]
   231 | D:1      | Reached XP level 2. HP: 24/24 MP: 2/2
   325 | D:1      | XOM: scenery: summon butterflies
   396 | D:1      | XOM: god gift: phantom mirror
   746 | D:1      | XOM: summons 1 hostile shadow creature
   776 | D:1      | Mutation became permanent: You have a pair of small
                  | antennae on your head. [demonic ancestry]
   776 | D:1      | Gained mutation: You have a pair of small antennae on your
                  | head. [demonic ancestry]
   776 | D:1      | Reached XP level 3. HP: 29/29 MP: 3/3
   894 | D:2      | XOM: give mutations
   894 | D:2      | Gained mutation: You have large cloven feet. [Xom's
                  | mischief]
   894 | D:2      | Gained mutation: You expend magic power (3 MP) to
                  | strengthen your wands. [Xom's mischief]
   900 | D:2      | Found a hide-covered altar of Uskayaw.
   914 | D:2      | Found a glowing golden altar of the Shining One.
   915 | D:2      | Found a shimmering blue altar of Sif Muna.
   915 | D:2      | Found an iron altar of Okawaru.
  1291 | D:2      | XOM: scenery: summon butterflies
  1414 | D:2      | Reached XP level 4. HP: 35/35 MP: 4/4
  1428 | D:2      | XOM: 8-stop teleportation journey
  1450 | D:2      | XOM: god gift: 30 gold pieces
  1601 | D:2      | Noticed Robin
  1613 | D:2      | Killed Robin
  1652 | D:2      | XOM: divination: detect creatures
  1657 | D:2      | XOM: cloud trail
  2128 | D:3      | XOM: smoke on damage
  2171 | D:3      | XOM: give mutation
  2171 | D:3      | Lost mutation: Your muscles are strong. (Str +2) [Xom's
                  | mischief]
  2616 | D:3      | Reached XP level 5. HP: 41/42 MP: 5/5
  2728 | D:3      | XOM: smoke on damage
  2908 | D:3      | XOM: enchant monster (bad)
  3093 | D:3      | Found an ornate altar of the Wu Jian Council.
  3155 | D:3      | Found an ancient bone altar of Kikubaaqudgha.
  3292 | D:4      | XOM: 2-stop teleportation journey
  3373 | D:4      | XOM: confusion
  3798 | D:4      | Found a shattered altar of Ashenzari.
  3852 | D:4      | Got a slimy whip
  3853 | D:4      | Identified the +3 whip of Hell's Wrath {flame, rPois
                  | Stlth+} (You found it on level 4 of the Dungeon)
  3880 | D:4      | XOM: 1-stop teleportation journey
  3894 | D:4      | Gained mutation: You are immune to rotting. [demonic
                  | ancestry]
  3894 | D:4      | Reached XP level 6. HP: 28/48 MP: 6/6
  4325 | D:5      | Entered Level 5 of the Dungeon
  4331 | D:5      | XOM: enchant monster (good)
  4334 | D:5      | XOM: noise
  4369 | D:5      | XOM: fog
  4387 | D:5      | XOM: smoke on damage
  4450 | D:5      | Noticed a sky beast
  4700 | D:5      | XOM: scenery: summon butterflies
  4793 | D:5      | Found a bloodstained altar of Trog.
  4804 | D:5      | XOM: blink monster(s)
  4825 | D:5      | XOM: chaos cloud
  4831 | D:5      | Paralysed by you for 3 turns
  4855 | D:5      | XOM: repel stairs
  4867 | D:5      | Killed a sky beast
  4867 | D:5      | Gained mutation: You have a pair of antennae on your head.
                  | [demonic ancestry]
  4867 | D:5      | Reached XP level 7. HP: 23/55 MP: 7/7
  4944 | D:5      | XOM: summons 2 hostile shadow creatures
  4956 | D:5      | Slain by a centaur

Illustrated notes

Levels and vault maps discovered:
D:1:      dpeg_arrival_shrine, layout_loops_ring
D:2:      layout_loops_cross, minitemple, uniq_robin
D:3:      layout_basic, nicolae_overflow_hidden_temple,
          nicolae_overflow_crystal_walls
D:4:      layout_gridville, nicolae_ashenzari_panopticon
D:5:      layout_rooms, lemuel_round_altar, lemuel_doored_altar, serial_shops,
          shop, feat_on_display

Skill      XL: |  1  2  3  4  5  6 |
---------------+-------------------+-----
Dodging        | 1 2 3 |  3.5
Armour         | 2 3 |  3.9
Long Blades    | 3 4 |  4.3
Fighting       | 4 |  4.9

Action                   |  1- 3 |  4- 6 |  7- 9 || total
-------------------------+-------+-------+-------++-------
Melee: Falchion          |    80 |   145 |       ||   225
       Kick              |     9 |    66 |     4 ||    79
       Whip              |       |    73 |    14 ||    87
Throw: Throwing net      |     1 |       |       ||     1
  Use: Potion            |       |       |     1 ||     1
 Stab: Sleeping          |     1 |     2 |       ||     3
       Held in net/web   |     1 |       |       ||     1
       Petrified         |       |     3 |       ||     3
       Paralysed         |       |     2 |       ||     2
       Invisible         |       |     1 |       ||     1
Armor: Leather armour    |    24 |    58 |     7 ||    89
Dodge: Dodged            |    55 |   155 |    17 ||   227
       Rpst.: Falchion   |    17 |    30 |       ||    47

Table legend: (Time is in decaauts)
 A = Elapsed time spent in this place.
 B = Non-inter-level travel time spent in this place.
 C = Inter-level travel time spent in this place.
 D = Time resting spent in this place.
 E = Time spent auto-exploring this place.
 F = Levels seen in this place.
 G = Mean time per level.
                   A        B        C        D        E       F      G
               +--------+--------+--------+--------+--------+-----+--------+
         Total |   4996 |   4860 |    136 |    334 |   3755 |   5 |  999.2 |
       Dungeon |   4996 |   4860 |    136 |    334 |   3755 |   5 |  999.2 |
               +--------+--------+--------+--------+--------+-----+--------+

Top non-repeatable levels by time:
     D:3: 1326 daAuts
     D:4: 1121 daAuts
     D:2: 1079 daAuts
     D:1: 825 daAuts
     D:5: 643 daAuts
